 Dungeon Crawl Stone Soup version 0.24-a0-140-gcaa6c10 (webtiles) character file.

Game seed: 0

1021 Hybris the Chopper (level 8, -1/62 HPs)
             Began as a Demonspawn Chaos Knight on Mar 3, 2019.
             Was a Plaything of Xom.
             Slain by a gnoll
             ... wielding a +0 halberd
              (10 damage)
             ... on level 5 of the Dungeon on Mar 4, 2019.
             The game lasted 00:19:26 (5976 turns).

Hybris the Chopper (Demonspawn Chaos Knight)        Turns: 5976, Time: 00:19:27

Health: -1/62      AC:  7    Str: 15    XL:     8   Next: 2%
Magic:  0/8        EV: 14    Int: 11    God:    Xom [*.....]
Gold:   1868       SH:  0    Dex: 15    Spells: 7/7 levels left

rFire    + . .     SeeInvis .   a - +0 hand axe (chaos)
rCold    . . .     Gourm    .   (no shield)
rNeg     . . .     Faith    .   b - +2 leather armour
rPois    .         Spirit   +   g - +0 helmet
rElec    .         Reflect  .   (no cloak)
rCorr    .         Harm     .   (no gloves)
MR       .....                  w - +0 pair of boots
Stlth    +.........             (no amulet)
HPRegen  0.20/turn              m - ring of protection from fire
MPRegen  0.11/turn              r - +2 ring of dexterity

@: no status effects
A: dopey 1, magic shield
a: Renounce Religion


You were on level 5 of the Dungeon.
You worshipped Xom.
You were a special plaything of Xom.
You were not hungry.

You visited 1 branch of the dungeon, and saw 5 of its levels.

You collected 1868 gold pieces.

Inventory:

Hand Weapons
 a - a +0 hand axe of chaos (weapon)
Armour
 b - a +2 leather armour (worn)
 g - a +0 helmet (worn)
 w - a +0 pair of boots (worn)
Jewellery
 m - a ring of protection from fire (left hand)
 r - a +2 ring of dexterity (right hand)
Scrolls
 d - 3 scrolls of identify
 f - 2 scrolls of teleportation {unknown}
 h - a scroll of amnesia {unknown}
 j - a scroll of random uselessness {unknown}
 l - 2 scrolls of enchant armour {unknown}
 p - 7 scrolls of remove curse
 v - a scroll of enchant weapon {unknown}
 x - a scroll of fear {unknown}
 y - a scroll of fog {unknown}
Potions
 e - a potion of haste
 i - a potion of brilliance {unknown}
 n - a potion of might
 o - 2 potions of agility
 q - 4 potions of curing
 s - a potion of degeneration {unknown}
 t - a potion of lignification {unknown}
 u - 4 potions of resistance
Comestibles
 c - 9 rations


   Skills:
 + Level 5.3 Fighting
 * Level 5.5 Axes
 + Level 4.3 Armour
 + Level 3.9 Dodging


You had 7 spell levels left.
You didn't know any spells.
Your spell library was empty.

Dungeon Overview and Level Annotations

Branches:
Dungeon (5/15)
 Temple: D:4-7

Altars:
Elyvilon
Trog
Xom
Yredelemnul


Innate Abilities, Weirdness & Mutations

When hurt, damage is shared between your health and your magic reserves.
You are dopey. (Int -2)


Message History

The gnoll is heavily wounded.
The gnoll closely misses you.
The gnoll zaps a wand.
You are blasted!
You hit the gnoll.
The gnoll is severely wounded.
The gnoll hits you with a +0 club! The gnoll closely misses you.
You barely miss the gnoll.
The gnoll is severely wounded.
The gnoll hits you but does no damage.
You hit the gnoll.
The gnoll is almost dead.
The gnoll hits you with a +0 club! The gnoll barely misses you.
You hit the gnoll but do no damage.
The gnoll is almost dead.
The gnoll zaps a wand.
You are blasted!
* * * LOW HITPOINT WARNING * * *
The gnoll hits you but does no damage. The gnoll barely misses you.
The gnoll hits you from afar with a +0 halberd!
You die... "I guess I need a new plaything now."

..#. ##................. ..#
..........#........... ....
....?.....>..........## ....
..........#.....>.....## ....
..........#......#..... ##.##
..........#......##..## ...##
.................##...# #....
....)......gg.#.#.Y....# . #..#
#.#.......@...######...###.
#..####.#.......g....# #._..(...
.....................####......##
...................#.#.###..†....
...#...............#...###†{.....
...................#...#.#.......
..<...............$...._..)......
....#.........##.#####...........
#(..##.........### #.#.#.#.#...


You could see 3 gnolls.

Vanquished Creatures
  Grinder (D:3)
  2 ice beasts (D:4)
  A centaur (D:5)
  4 scorpions
  A jelly (D:5)
  A bullfrog skeleton (D:4)
  An iguana (D:4)
  3 worker ants
  A hound skeleton (D:4)
  Robin (D:2)
  A gnoll (D:5)
  6 adders
  An ooze (D:2)
  2 worms (D:3)
  4 adder skeletons
  3 dart slugs
  2 leopard geckos
  An orc (D:3)
  3 ball pythons
  3 giant cockroaches
  16 goblins
  5 hobgoblins (D:2)
  2 jackals (D:2)
  2 quokkas
  3 bats (D:3)
  4 frilled lizards
  8 kobolds
  5 rats
87 creatures vanquished.

Vanquished Creatures (others)
  A bullfrog skeleton (D:5)
1 creature vanquished.

Grand Total: 88 creatures vanquished

Notes
Turn   | Place    | Note
-------+----------+-------------------------------------------
     0 | D:1      | Hybris the Demonspawn Chaos Knight began the quest for the
                  | Orb.
     0 | D:1      | Reached XP level 1. HP: 18/18 MP: 1/1
    28 | D:1      | XOM: divination: detect items
    29 | D:1      | Reached skill level 1 in Dodging
   241 | D:1      | XOM: silly message
   290 | D:1      | XOM: harmless Pois miscast
   298 | D:1      | Gained mutation: When hurt, damage is shared between your
                  | health and your magic reserves. [demonic ancestry]
   298 | D:1      | Reached XP level 2. HP: 22/24 MP: 2/2
   402 | D:1      | XOM: summons 1 hostile demon
   637 | D:1      | XOM: god gift: ration
   729 | D:1      | XOM: harmless Necr miscast
  1238 | D:2      | Reached XP level 3. HP: 18/29 MP: 1/3
  1635 | D:2      | Noticed Robin
  1657 | D:2      | XOM: harmless Air miscast
  1689 | D:2      | Killed Robin
  1689 | D:2      | Reached XP level 4. HP: 11/35 MP: 2/4
  1888 | D:2      | XOM: noise
  1928 | D:2      | XOM: 6-stop teleportation journey
  1947 | D:2      | XOM: 4-stop teleportation journey
  2030 | D:2      | Found a white marble altar of Elyvilon.
  2055 | D:2      | XOM: mild Summ miscast
  2093 | D:2      | Found a basalt altar of Yredelemnul.
  2395 | D:3      | Noticed Grinder
  2793 | D:3      | Paralysed by Grinder for 6 turns
  2797 | D:3      | HP: 2/54 [Grinder/nerve-wracking pain (2)]
  2805 | D:3      | Killed Grinder
  2805 | D:3      | Reached XP level 5. HP: 4/42 MP: 1/5
  2805 | D:3      | Reached XP level 6. HP: 4/48 MP: 1/6
  3487 | D:3      | XOM: summons 3 hostile demons
  3921 | D:4      | XOM: 3-stop teleportation journey
  3954 | D:4      | Found a bloodstained altar of Trog.
  4083 | D:4      | XOM: confusion
  4226 | D:4      | Reached XP level 7. HP: 32/55 MP: 3/7
  4251 | D:4      | XOM: god gift: 1610 gold pieces
  4436 | D:4      | XOM: scenery: create altars
  4904 | D:5      | Entered Level 5 of the Dungeon
  5123 | D:5      | XOM: noise
  5147 | D:5      | XOM: scenery: create altars
  5150 | D:5      | Reached skill level 5 in Fighting
  5150 | D:5      | Reached skill level 5 in Axes
  5253 | D:5      | XOM: cloud trail
  5721 | D:4      | XOM: fog
  5733 | D:4      | Reached XP level 8. HP: 35/62 MP: 4/8
  5768 | D:4      | XOM: give mutation
  5768 | D:4      | Gained mutation: You are dopey. (Int -2) [Xom's mischief]
  5967 | D:4      | Upgraded the game from 0.24-a0-139-geb6712d to
                  | 0.24-a0-140-gcaa6c10
  5976 | D:5      | Slain by a gnoll

Levels and vault maps discovered:
D:1:      roderic_crop_circles_arrival_small, layout_loops_corners
D:2:      layout_loops_cross, kennysheep_ying_yang, uniq_robin
D:3:      layout_rooms, uniq_grinder
D:4:      layout_cave_pods, lemuel_crystal_altar, first_ration
D:5:      layout_cave_pools, minmay_temple_entry_poolview,
          small_statue_intersection

Skill      XL: |  1  2  3  4  5  6  7 |
---------------+----------------------+-----
Dodging        | 1 2 3 |  3.9
Armour         | 2 3 4 |  4.3
Axes           | 3 4 5 |  5.5
Fighting       | 4 5 |  5.3

Action                   |  1- 3 |  4- 6 |  7- 9 || total
-------------------------+-------+-------+-------++-------
Melee: Hand axe          |    99 |   166 |   134 ||   399
  Use: Potion            |     2 |     2 |     4 ||     8
       Scroll            |       |     1 |     3 ||     4
 Stab: Petrified         |     4 |     2 |     4 ||    10
       Petrifying        |     2 |       |       ||     2
       Paralysed         |       |     7 |     4 ||    11
       Confused          |       |     1 |       ||     1
       Sleeping          |       |     1 |       ||     1
  Eat: Chunk             |     2 |     4 |       ||     6
       Ration            |       |     1 |     3 ||     4
Armor: Leather armour    |    40 |    54 |    52 ||   146
Dodge: Dodged            |    57 |    98 |    98 ||   253

Table legend:
 A = Non-vault XP
 B = Vault XP
 C = Vault XP percentage of total XP
 D = Non-vault monster count
 E = Vault monster count
 F = Vault count percentage of total count
                 A         B        C        D         E       F
            +---------+---------+-------+---------+---------+-------
      Total |    1134 |     325 |  22.3 |      76 |      12 |  13.6
            +---------+---------+-------+---------+---------+-------
        D:1 |      19 |       0 |   0.0 |      10 |       0 |   0.0
        D:2 |      68 |      35 |  34.0 |      24 |      11 |  31.4
        D:3 |      50 |     290 |  85.3 |      16 |       1 |   5.9
        D:4 |     614 |       0 |   0.0 |      13 |       0 |   0.0
        D:5 |     383 |       0 |   0.0 |      13 |       0 |   0.0
            +---------+---------+-------+---------+---------+-------
